 Dungeon Crawl Stone Soup version 0.27.1-1-g398f81649c (webtiles) character file.

Game seed: 1642016954064863778

85227 Elvor the Fighter (level 15, -4/99 HPs)
             Began as a Gargoyle Artificer on Sept 8, 2021.
             Was a High Priest of Okawaru.
             Slain by a fire elemental (12 damage)
             ... summoned by a deep elf pyromancer
             ... on level 1 of the Orcish Mines on Sept 9, 2021.
             The game lasted 04:35:00 (21218 turns).

Elvor the Fighter (Gargoyle Artificer)             Turns: 21218, Time: 04:35:01

Health: -4/99      AC: 35    Str: 23    XL:     15   Next: 83%
Magic:  18/18      EV: 13    Int: 14    God:    Okawaru [*****.]
Gold:   893        SH: 13    Dex: 10    Spells: 11/18 levels left

rFire    . . .     SeeInvis .   I - +8 flail of Disarray {freeze, rPois Int+3}
rCold    . . .     Faith    .   a - +0 kite shield
rNeg     + + .     Spirit   .   K - +2 chain mail {rN+}
rPois    ∞         Reflect  .   P - +0 helmet
rElec    +         Harm     .   H - +2 cloak of Cell {rElec}
rCorr    .         Rampage  .   g - +2 pair of gloves {archery}
Will     +....                  h - +0 pair of boots
Stlth    ..........             f - amulet of regeneration
HPRegen  1.26/turn              J - +4 ring of evasion
MPRegen  0.16/turn              x - ring of wizardry

@: flying
A: sickness immunity, AC +11, big wings, negative energy resistance 1,
electricity resistance, torment resistance 1, petrification resistance
a: Renounce Religion, Heroism, Finesse


You were on level 1 of the Orcish Mines.
You worshipped Okawaru.
Okawaru was extremely pleased with you.
You visited 4 branches of the dungeon, and saw 21 of its levels.

You collected 1453 gold pieces.
You spent 560 gold pieces at shops.

Inventory:

Hand Weapons
 s - the +6 hunting sling of Impermanence {venom, rC++}
   (You found it on level 6 of the Lair of Beasts)

   Any ammunition fired from it poisons the flesh of those it strikes.
   rC:        It greatly protects you from cold.
 I - the +8 flail of Disarray (weapon) {freeze, rPois Int+3}
   (Okawaru gifted it to you on level 5 of the Lair of Beasts)

   It freezes those it strikes, dealing additional cold damage.
   It can also slow down cold-blooded creatures.
   Int:       It affects your intelligence (+3).
   rPois:     It protects you from poison.
Missiles
 l - 204 sling bullets
 v - 13 atropa-tipped darts
 N - 10 poisoned darts
 X - 8 curare-tipped darts
Armour
 a - a +0 kite shield (worn)
 g - a +2 pair of gloves of archery (worn)
 h - a +0 pair of boots (worn)
 H - the +2 cloak of Cell (worn) {rElec}
   (You found it on level 6 of the Lair of Beasts)

   rElec:     It insulates you from electricity.
 K - a +2 chain mail of positive energy (worn)
 P - a +0 helmet (worn)
Jewellery
 f - an amulet of regeneration (around neck)
 p - a ring of see invisible
 x - a ring of wizardry (right hand)
 J - a +4 ring of evasion (left hand)
Wands
 k - a wand of acid (7)
 m - a wand of mindburst (5)
 r - a wand of charming (10)
 t - a wand of iceblast (7) (quivered)
 B - a wand of paralysis (12)
 Q - a wand of flame (12)
 W - a wand of polymorph (9)
Scrolls
 b - a scroll of holy word
 n - 9 scrolls of teleportation
 o - 2 scrolls of fear
 q - a scroll of blinking
 u - a scroll of summoning {unknown}
 y - 2 scrolls of fog
 E - 6 scrolls of magic mapping
 F - 3 scrolls of vulnerability
 L - 2 scrolls of silence
 T - 2 scrolls of torment
 Y - 2 scrolls of immolation
Potions
 i - 2 potions of degeneration {unknown}
 j - 2 potions of invisibility
 z - 4 potions of lignification
 D - a potion of berserk rage {unknown}
 G - a potion of brilliance {unknown}
 M - 2 potions of ambrosia {unknown}
 S - 2 potions of might {unknown}
 U - a potion of resistance
 V - 5 potions of magic
Miscellaneous
 c - a tin of tremorstones (1/2)
 Z - a condenser vane (inert)


   Skills:
 * Level 13.5 Fighting
 + Level 13.3 Maces & Flails
 + Level 3.3(6.2) Slings
 + Level 8.2(8.6) Throwing
 + Level 11.6 Armour
 + Level 4.9 Dodging
 - Level 1.2 Stealth
 + Level 12.9 Shields
 + Level 2.0 Spellcasting
 + Level 0.5 Summonings
 + Level 1.0 Translocations
 + Level 5.1 Invocations
 + Level 5.2 Evocations


You had 11 spell levels left.
You knew the following spells:

 Your Spells              Type           Power      Damage    Failure   Level
b - Passage of Golubria   Tloc           N/A        N/A       98%         4
c - Blink                 Tloc           N/A        N/A       52%         2
d - Apportation           Tloc           8%         N/A       38%         1

Your spell library contained the following spells:

 Spells                   Type           Power      Damage    Failure   Level
 Summon Small Mammal      Summ           8%         N/A       45%         1
 Sting                    Tmut/Pois      4%         1d3       52%         1
 Poisonous Vapours        Pois/Air       2%         N/A       65%         2
 Call Canine Familiar     Summ           2%         N/A       80%         3
 Portal Projectile        Hex/Tloc       4%         N/A       80%         3
 Summon Guardian Golem    Hex/Summ       2%         N/A       83%         3
 Ignite Poison            Fire/Tmut/Pois 1%         N/A       86%         3
 Tukima's Dance           Hex            1%         N/A       86%         3
 Leda's Liquefaction      Hex/Erth       0%         N/A       99%         4
 Olgreb's Toxic Radiance  Pois           1%         N/A       99%         4
 Summon Lightning Spire   Summ/Air       2%         N/A       99%         4
 Alistair's Intoxication  Tmut/Pois      0%         N/A       100%        5
 Manifold Assault         Tloc           4%         N/A       100%        5
 Silence                  Hex/Air        0%         N/A       100%        5
 Yara's Violent Unravell  Hex/Tmut       0%         3d3       100%        5
 Invisibility             Hex            0%         N/A       100%        6
 Storm Form               Tmut/Air       0%         N/A       100%        7
 Lehudib's Crystal Spear  Conj/Erth      0%         10d2      100%        8
 Maxwell's Capacitive Co  Air            0%         ∞         100%        8


Dungeon Overview and Level Annotations

Branches:
Dungeon (12/15)            Temple (1/1) D:5            Lair (6/6) D:9
 Shoals (0/4) Lair:2       Spider (0/4) Lair:2        Slime (0/5) Lair:6
    Orc (2/2) D:12            Elf (0/3) Orc:2

Altars:
Ashenzari
Cheibriados
Dithmenos
Elyvilon
Fedhas
Gozag
Hepliaklqana
Kikubaaqudgha
Makhleb
Nemelex Xobeh
Okawaru
Qazlal
Ru
Sif Muna
Trog
Uskayaw
Vehumet
Wu Jian
Xom
Yredelemnul
Zin
The Shining One
Jiyva

Shops:
D:5 *:   D:9 [   D:11 (:?*   D:12 [


Innate Abilities, Weirdness & Mutations

You are immune to sickness and miasma.
Your stone body is resilient. (AC +11)
You are immune to poison.
Your large and strong wings let you fly.
You resist negative energy. (rN+)
You are resistant to electric shocks. (rElec)
You are resistant to unholy torment.
You are immune to petrification.


Message History

The fire elemental hits you. The fire elemental burns you!
The orc wizard hits you but does no damage.
The fire elemental hits you. The fire elemental burns you!
You closely miss the deep elf pyromancer.
The deep elf pyromancer is severely wounded.
The fire elemental hits you. x2; The fire elemental burns you!
The deep elf pyromancer casts a spell at you.
The sticky flame hits you.
You are covered in liquid flames!
The orc wizard barely misses you.
You miss the deep elf pyromancer.
The deep elf pyromancer is severely wounded.
You are covered in liquid flames!
The fire elemental hits you. The fire elemental burns you!
* * * LOW HITPOINT WARNING * * *
The fire elemental hits you.
You bludgeon the fire elemental!! You freeze the fire elemental.
The fire elemental is severely damaged.
You are covered in liquid flames!
* * * LOW HITPOINT WARNING * * *
You are no longer on fire.
The fire elemental hits you. The fire elemental burns you!
* * * LOW HITPOINT WARNING * * *
The deep elf pyromancer barely misses you.
The orc wizard casts a spell at you.
The magic dart hits you but does no damage.
The fire elemental barely misses you.
You feel less confused. The orc wizard casts a spell at you.
The puff of flame misses you. The fire elemental closely misses you.
You hit the deep elf pyromancer. You freeze the deep elf pyromancer.
The deep elf pyromancer is severely wounded.
The deep elf pyromancer hits you but does no damage.
The fire elemental hits you. The fire elemental burns you!
* * * LOW HITPOINT WARNING * * *
You hit the deep elf pyromancer. You freeze the deep elf pyromancer.
The deep elf pyromancer is almost dead.
You block the fire elemental's attack. The fire elemental hits you.
The fire elemental burns you!
You die...

#.................#).....#
##.......#..............##
##..............#.#....###
#................_...###
##..<.([(.....#.#.#.##
#....)>(...........#
##.#.)[°○○.......###
##.#..)..EeE...#...##
#........o@...#.....#
##...........###...##
##...........######
#............##
##.##.........#
#####.......## ##.....##
#.......# ##.#...##


You could see a deep elf pyromancer, 2 fire elementals and an orc wizard.

Vanquished Creatures
  The ghost of Destapler the Fighter, a journeyman TrFi of Cheibriados (Lair:1)
  A dire elephant (Lair:6)
  A bunyip (D:10)
  Harold (D:7)
  3 boulder beetles
  2 catoblepae
  9 hydras
  A death knight (D:11)
  An ogre mage (D:11)
  9 two-headed ogres
  2 centaur warriors
  3 death yaks (Lair:6)
  A deep troll shaman (Lair:6)
  Sonja (D:11)
  A skeletal warrior (D:8)
  2 spectral hydras (Lair:1)
  A wizard (D:9)
  Pikel (D:7)
  2 deep elf zephyrmancers (Orc:1)
  A wolf spider (Lair:2)
  A lindwurm (Lair:5)
  7 deep elf pyromancers
  3 orc knights (Orc:1)
  5 cyclopes
  An ugly thing (D:9)
  17 elephants (Lair:6)
  7 black mambas
  Maggie (D:9)
  A gargoyle (D:11)
  13 cane toads
  An unseen horror (D:11)
  4 rime drakes
  12 komodo dragons
  An efreet (D:9)
  A polar bear (Lair:3)
  A merfolk (Lair:2)
  Grinder (D:3)
  4 trolls
  4 slime creatures (D:12)
  29 blink frogs
  A meliai zombie (D:11)
  14 dream sheep
  A spectral black mamba (Lair:1)
  A shadow (D:11)
  7 wraiths
  57 yaks
  2 wyverns
  A vampire (D:12)
  2 steam dragons
  5 basilisks
  6 vampire mosquitoes
  A warg (Orc:1)
  3 hydra simulacra (Lair:1)
  23 water moccasins
  Duvessa (D:4)
  25 orc warriors
  2 black bears
  A black mamba simulacrum (Lair:1)
  A necrophage (D:5)
  3 ogres
  9 centaurs
  22 wolves
  2 lemures (D:7)
  14 bullfrogs
  A gnoll sergeant (D:12)
  A scorpion (D:5)
  Dowan (D:4)
  A water moccasin zombie (D:7)
  3 wights (D:8)
  9 killer bees
  An electric eel (Lair:5)
  A howler monkey (D:6)
  5 centaur zombies
  A lava snake (D:9)
  A gnoll shaman (D:4)
  2 jellies
  11 orc priests
  A hound (D:5)
  An iguana (D:6)
  2 bullfrog skeletons
  Jessica (D:3)
  Natasha (thrice) (D:3)
  Terence (D:3)
  8 orc wizards
  6 hell rats (Lair:5)
  A killer bee zombie (D:9)
  A howler monkey skeleton (D:7)
  8 adders
  6 gnolls
  2 shadow imps
  2 white imps (D:8)
  An ufetubus (D:5)
  2 adder skeletons (D:4)
  A worm (D:4)
  2 dart slugs (D:1)
  36 orcs
  8 ball pythons
  2 bats
  3 endoplasms
  2 giant cockroaches
  8 goblins
  6 hobgoblins
  8 jackals
  5 kobolds
  4 quokkas
  2 frilled lizards (D:1)
  2 rats
535 creatures vanquished.

Vanquished Creatures (collateral kills)
  2 endoplasms
  A kobold (D:2)
3 creatures vanquished.

Vanquished Creatures (others)
  A gnoll (D:4)
  A howler monkey simulacrum (D:9)
  4 orcs (Orc:2)
  A jackal (D:1)
  A quokka (D:1)
  A butterfly (Lair:5)
  49 fungi
  37 plants
95 creatures vanquished.

Grand Total: 633 creatures vanquished

Notes
Turn   | Place    | Note
-------+----------+-------------------------------------------
     0 | D:1      | Elvor the Gargoyle Artificer began the quest for the Orb.
     0 | D:1      | Reached XP level 1. HP: 12/12 MP: 1/1
   122 | D:1      | Reached XP level 2. HP: 16/16 MP: 2/2
   232 | D:1      | Found a faded altar of an unknown god.
   536 | D:1      | Reached skill level 1 in Maces & Flails
   544 | D:1      | Reached XP level 3. HP: 20/20 MP: 3/3
   612 | D:1      | Reached skill level 1 in Dodging
   900 | D:1      | Learned a level 1 spell: Summon Small Mammal
  1476 | D:2      | Found a shimmering blue altar of Sif Muna.
  1530 | D:2      | Reached XP level 4. HP: 25/25 MP: 4/4
  2195 | D:3      | Noticed Terence
  2227 | D:3      | Killed Terence
  2280 | D:3      | Noticed Jessica
  2281 | D:3      | Noticed Natasha
  2295 | D:3      | Killed Natasha
  2296 | D:3      | Reached XP level 5. HP: 29/29 MP: 5/5
  2306 | D:3      | Killed Jessica
  2433 | D:3      | Noticed Grinder
  2434 | D:3      | Paralysed by Grinder for 4 turns
  2441 | D:3      | Paralysed by Grinder for 2 turns
  2542 | D:3      | Noticed Natasha
  2669 | D:3      | Killed Natasha
  2701 | D:3      | Noticed Natasha
  2715 | D:3      | Killed Natasha
  2842 | D:3      | Paralysed by Grinder for 6 turns
  2979 | D:3      | Paralysed by Grinder for 2 turns
  2991 | D:3      | Paralysed by Grinder for 5 turns
  3008 | D:3      | Paralysed by Grinder for 3 turns
  3061 | D:3      | Killed Grinder
  3062 | D:3      | Reached skill level 1 in Slings
  3062 | D:3      | Reached XP level 6. HP: 35/35 MP: 6/6
  3349 | D:4      | Reached skill level 1 in Shields
  3457 | D:4      | Reached XP level 7. HP: 40/40 MP: 7/7
  3532 | D:4      | Noticed Dowan
  3542 | D:4      | Noticed Duvessa
  3677 | D:4      | Killed Duvessa
  3690 | D:4      | Found a snail-covered altar of Cheibriados.
  3691 | D:4      | Killed Dowan
  3787 | D:5      | Entered Level 5 of the Dungeon
  3883 | D:5      | Found Xufonwog's General Store.
  3921 | D:5      | Found Taroepti's Book Shoppe.
  3922 | D:5      | Bought a potion of curing for 36 gold pieces
  3981 | D:5      | Found an ornate altar of the Wu Jian Council.
  4033 | D:5      | Reached XP level 8. HP: 45/45 MP: 8/8
  4108 | D:5      | Reached skill level 5 in Armour
  4176 | D:5      | Found a staircase to the Ecumenical Temple.
  4208 | Temple   | Entered the Ecumenical Temple
  4288 | Temple   | Became a worshipper of Warmaster Okawaru
  4501 | D:5      | Learned a level 4 spell: Passage of Golubria
  4837 | D:6      | Reached skill level 5 in Maces & Flails
  4942 | D:6      | Noticed a yak
  4942 | D:6      | Noticed a yak
  5060 | D:6      | Noticed a yak
  5082 | D:5      | Killed a yak
  5082 | D:5      | Reached * piety under Okawaru
  5154 | D:6      | Killed a yak
  5169 | D:6      | Killed a yak
  5170 | D:6      | Reached XP level 9. HP: 50/52 MP: 9/9
  5315 | D:7      | Noticed Pikel
  5335 | D:7      | Killed Pikel
  5419 | D:7      | Found an opulent altar of Gozag.
  5744 | D:7      | Noticed Harold
  6155 | D:7      | Got the Almanac of Torrid Weightlessness
  6247 | D:7      | Killed Harold
  6247 | D:7      | Reached ** piety under Okawaru
  6248 | D:7      | Reached skill level 5 in Fighting
  6248 | D:7      | Reached skill level 5 in Shields
  6439 | D:8      | Found a sparkling altar of Nemelex Xobeh.
  6441 | D:8      | Found a basalt altar of Yredelemnul.
  6442 | D:8      | Found a burning altar of Makhleb.
  6464 | D:8      | Found a shimmering altar of Xom.
  6668 | D:8      | Reached XP level 10. HP: 49/59 MP: 10/10
  6708 | D:8      | Found a hazy altar of Hepliaklqana.
  7183 | D:8      | Noticed a skeletal warrior
  7480 | D:8      | Killed a skeletal warrior
  7480 | D:8      | Reached *** piety under Okawaru
  7481 | D:8      | Reached skill level 1 in Throwing
  7558 | D:8      | Found the +5 scythe "Finisher" {speed, eviscerate}
  7606 | D:9      | Noticed Maggie
  7638 | D:9      | Killed Maggie
  7638 | D:9      | Received a gift from Okawaru
  7646 | D:9      | Found Moots's Antique Armour Shop.
  7659 | D:9      | Noticed a two-headed ogre
  7696 | D:9      | Killed a two-headed ogre
  7696 | D:9      | Received a gift from Okawaru
  8088 | D:9      | Found a bloodstained altar of Trog.
  8152 | D:9      | Found a staircase to the Lair.
  8267 | D:9      | You fall into a shaft and drop 2 floors!
  8316 | D:11     | Noticed Sonja
  8325 | D:11     | Killed Sonja
  8326 | D:11     | Reached XP level 11. HP: 66/66 MP: 9/11
  8377 | D:11     | Noticed a cyclops
  8378 | D:11     | Noticed a boulder beetle
  8463 | D:11     | Found Pyin's General Store.
  8488 | D:11     | Bought a scroll of identify for 28 gold pieces
  8489 | D:11     | Bought a scroll of identify for 28 gold pieces
  8536 | D:11     | Reached **** piety under Okawaru
  8539 | D:11     | Found Bumepe's Book Boutique.
  8557 | D:11     | Noticed a boulder beetle
  8604 | D:10     | Entered Level 10 of the Dungeon
  8606 | D:10     | Noticed a two-headed ogre
  8618 | D:10     | Killed a two-headed ogre
  8700 | D:9      | Noticed a two-headed ogre
  8717 | D:9      | Killed a two-headed ogre
  8718 | D:9      | Reached skill level 1 in Invocations
  8761 | D:9      | Noticed a two-headed ogre
  8786 | D:9      | Killed a two-headed ogre
  8786 | D:9      | Reached ***** piety under Okawaru
  9007 | D:9      | Noticed a two-headed ogre
  9030 | D:9      | Killed a two-headed ogre
  9031 | D:9      | Reached skill level 5 in Evocations
  9121 | D:9      | Noticed a purple ugly thing
  9142 | D:9      | Killed a purple ugly thing
  9195 | D:9      | Noticed a cyclops
  9217 | D:9      | Killed a cyclops
  9224 | D:9      | Noticed a deep elf pyromancer
  9253 | D:9      | Killed a deep elf pyromancer
  9297 | D:9      | Noticed a wizard
  9316 | D:9      | Killed a wizard
  9316 | D:9      | Identified the +1 rapier of Okawaru's Regard {vorpal, Str+4
                  | Stlth+} (Okawaru gifted it to you on level 9 of the
                  | Dungeon)
  9316 | D:9      | Received a gift from Okawaru
  9380 | D:9      | Reached skill level 5 in Throwing
  9440 | D:9      | Reached XP level 12. HP: 33/75 MP: 6/13
  9620 | D:9      | Noticed a two-headed ogre
  9635 | D:9      | Killed a two-headed ogre
  9828 | D:10     | Noticed a two-headed ogre
  9846 | D:10     | Killed a two-headed ogre
 10982 | D:11     | Noticed a death knight
 11070 | D:11     | Noticed a centaur warrior
 11268 | D:10     | Noticed a bunyip
 11268 | D:10     | a boulder beetle changed into a bunyip
 11283 | D:10     | Killed a bunyip
 11322 | D:11     | Found Guettetu's Antique Weapon Shoppe.
 11535 | D:11     | Killed a death knight
 11760 | D:11     | Killed a centaur warrior
 11764 | D:11     | Found Toviar's Magic Scroll Boutique.
 11768 | D:11     | Reached skill level 10 in Maces & Flails
 11775 | D:11     | Bought a scroll of identify for 30 gold pieces
 11775 | D:11     | Bought a scroll of identify for 30 gold pieces
 11928 | D:11     | Noticed an ogre mage
 11928 | D:11     | Paralysed by an ogre mage for 4 turns
 11956 | D:11     | Paralysed by an ogre mage for 2 turns
 11960 | D:11     | Killed an ogre mage
 11990 | D:11     | Killed a boulder beetle
 11990 | D:11     | Received a gift from Okawaru
 12384 | D:12     | Reached skill level 10 in Armour
 12467 | D:12     | Noticed a two-headed ogre
 12478 | D:12     | Killed a two-headed ogre
 12479 | D:12     | Reached XP level 13. HP: 81/81 MP: 15/15
 12613 | D:12     | Reached skill level 10 in Shields
 12733 | D:12     | Found Ythuvisi's Antique Armour Boutique.
 12879 | D:12     | Reached skill level 10 in Fighting
 12921 | D:12     | Found a staircase to the Orcish Mines.
 13626 | D:11     | Bought an Inescapable Atlas for 408 gold pieces
 13629 | D:11     | Learned a level 2 spell: Blink
 13689 | Lair:1   | Entered Level 1 of the Lair of Beasts
 13911 | Lair:1   | Received a gift from Okawaru
 14435 | Lair:1   | Found a runed translucent gate.
 14435 | Lair:1   | Found a runed translucent gate.
 14435 | Lair:1   | Found a runed translucent gate.
 14435 | Lair:1   | Noticed Destapler's ghost (journeyman TrFi)
 14800 | Lair:2   | Found a hole to the Spider Nest.
 15256 | Lair:2   | Gained mutation: Your large and strong wings let you fly.
                  | [Gargoyle growth]
 15256 | Lair:2   | Reached XP level 14. HP: 88/88 MP: 17/17
 15386 | Lair:2   | Received a gift from Okawaru
 15535 | Lair:2   | Received a gift from Okawaru
 15649 | Lair:2   | Found a staircase to the Shoals.
 15951 | Lair:1   | Killed Destapler's ghost
 16142 | Lair:3   | Reached skill level 1 in Spellcasting
 16488 | Lair:3   | Received a gift from Okawaru
 17215 | Lair:4   | Found the +8 whip "Snakebite" {venom, curare, rPois}
 17548 | Lair:4   | Received a gift from Okawaru
 17584 | Lair:4   | Reached ****** piety under Okawaru
 17685 | Lair:4   | You are sucked into a shaft and drop 2 floors!
 17685 | Lair:6   | Entered Level 6 of the Lair of Beasts
 17819 | Lair:6   | Identified the +2 cloak of Cell {rElec}
 17911 | Lair:5   | Reached XP level 15. HP: 97/97 MP: 18/18
 18372 | Lair:5   | Identified the +8 flail of Disarray {freeze, rPois Int+3}
                  | (Okawaru gifted it to you on level 5 of the Lair of Beasts)
 18372 | Lair:5   | Received a gift from Okawaru
 18742 | Lair:5   | Learned a level 1 spell: Apportation
 19096 | Lair:6   | Identified the +2 long sword of Zida {vorpal, Contam rCorr
                  | Int+3 Dex-3}
 19300 | Lair:6   | Found a viscous altar of Jiyva.
 19300 | Lair:6   | Found a staircase to the Slime Pits.
 19375 | Lair:6   | Identified the ring "Penaurouk" {rPois rN+ MP-9 Str+4}
 19585 | Lair:6   | Identified the +6 hunting sling of Impermanence {venom,
                  | rC++}
 19646 | Lair:6   | Received a gift from Okawaru
 19651 | Lair:6   | Reached skill level 1 in Translocations
 20515 | Orc:1    | Entered Level 1 of the Orcish Mines
 20543 | Orc:1    | Found an iron altar of Okawaru.
 20606 | Orc:2    | Entered Level 2 of the Orcish Mines
 20663 | Orc:2    | Found a staircase to the Elven Halls.
 20885 | Orc:1    | Received a gift from Okawaru
 20950 | Orc:1    | HP: 2/99 [orc warrior (8)]
 21052 | Orc:1    | Reached skill level 5 in Invocations
 21218 | Orc:1    | Slain by a fire elemental

Illustrated notes

Levels and vault maps discovered:
D:1:      dpeg_arrival_simpleton_b, layout_basic,
          shapermc_ecumenical_altar_petra
D:2:      layout_basic, basic_altar, grunt_decor_resistance
D:3:      layout_rooms, chequers_arboretum, uniq_terence, uniq_grinder,
          uniq_natasha, uniq_jessica
D:4:      layout_rooms, cheibriados_altar_1, uniq_duvessa
D:5:      layout_basic, nicolae_overflow_crystal_walls,
          minmay_temple_entry_grid, serial_shops, nicolae_diamond_shop, shop
D:6:      layout_cave_pools
D:7:      layout_loops_cross, mainiacjoe_overflow_alcove_1, uniq_harold,
          uniq_pikel
D:8:      layout_loops_ring, xom_teletrap_fun, kennysheep_little_box,
          chequers_temple_overflow_statue_of_worship,
          minmay_guarded_unrand_finisher
D:9:      minmay_the_grid_plus_closed [minmay_the_grid_all_tris,
          minmay_the_grid_minigrid_small_alt, minmay_the_grid_odd_star,
          minmay_the_grid_zigzag_pyramid, minmay_the_grid_prize_big_room],
          layout_basic, bloody_trog, nicolae_inconvenience_store, uniq_maggie
D:10:     layout_layer_cave
D:11:     layout_loops_ring, serial_shops, shop, nicolae_shop_window_shopping,
          shop_fountains, nicolae_shop_waterfront,
          minmay_fractal_squares_gapless_7, uniq_sonja
D:12:     layout_grid_maze, orc_0_dummy, serial_shops, nicolae_diamond_shop
Temple:   oiseaux_autumnal_temple
Lair:1:   layout_long_grid, gammafunk_ghost_necromancy, lemuel_fruit_tree
Lair:2:   layout_hall_layers, elwin_shoals_entry_rooms,
          spider_nest_entry_rubble, grunt_megastairs_5
Lair:3:   layout_chaotic_city, grunt_megastairs_4
Lair:4:   minmay_guarded_unrand_snakebite, layout_small_grid
Lair:5:   layout_layer_cave, infiniplex_staircase_pool, lemuel_fruit_fields
Lair:6:   grunt_lair_end_beastmaster, layout_misc_corridors,
          dpeg_slime_entry_enclosed_altar
Orc:1:    layout_caves, basic_altar, okawaru_metal_pillars_1_2
Orc:2:    st_orc_rangers, layout_caves, special_room, elves_outpost_lemuel

Skill      XL: |  1  2  3  4  5  6  7  8  9 10 11 12 13 14 15 |
---------------+----------------------------------------------+-----
Evocations     | 3 4 5 |  5.2
Maces & Flails | 1 2 4 6 7 8 9 10 11 12 13 | 13.3
Dodging        | 1 2 3 4 |  4.9
Armour         | 3 4 5 7 8 9 10 11 | 11.6
Fighting       | 2 4 5 6 8 9 10 12 13 | 13.5
Slings         | 1 2 3 |  3.3
Shields        | 1 2 4 5 7 8 9 10 12 | 12.9
Throwing       | 3 5 6 7 8 |  8.2
Invocations    | 1 3 4 5 |  5.1
Spellcasting   | 1 2 |  2.0
Translocations | 1 |  1.0
Stealth        | |  1.2
Summonings     | |  0.5

Action                   |  1- 3 |  4- 6 |  7- 9 | 10-12 | 13-15 || total
-------------------------+-------+-------+-------+-------+-------++-------
Melee: Club              |   200 |       |       |       |       ||   200
       Whip              |    16 |   180 |    93 |   904 |  1283 ||  2476
       Mace              |       |       |   232 |       |       ||   232
       Flail             |       |       |       |       |   624 ||   624
 Fire: Hunting sling     |       |    32 |    24 |       |       ||    56
Throw: Stone             |       |    15 |       |     1 |       ||    16
       Boomerang         |       |       |       |    62 |   137 ||   199
       Dart              |       |       |       |   120 |    49 ||   169
       Javelin           |       |       |       |    11 |     2 ||    13
       Throwing net      |       |       |       |     1 |       ||     1
 Cast: Summon Small Mamm |     5 |       |       |       |     3 ||     8
       Blink             |       |       |       |       |     7 ||     7
       Apportation       |       |       |       |       |     7 ||     7
Invok: Heroism           |       |       |     1 |    18 |    12 ||    31
       Finesse           |       |       |       |     8 |    10 ||    18
Evoke: Wand              |    13 |    14 |    14 |    14 |    18 ||    73
       Piece from Xom's  |     1 |    20 |    10 |    13 |       ||    44
       Tin of tremorston |       |       |       |     1 |     4 ||     5
       Condenser vane    |       |       |       |       |     2 ||     2
  Use: Scroll            |       |     2 |     9 |     6 |     9 ||    26
       Potion            |       |       |     1 |     7 |     6 ||    14
 Stab: Sleeping          |     2 |     2 |       |       |       ||     4
       Petrified         |       |    23 |     1 |    17 |    13 ||    54
       Paralysed         |       |    12 |       |     4 |       ||    16
       Petrifying        |       |       |     1 |     1 |     1 ||     3
       Distracted        |       |       |       |       |     1 ||     1
Armor: Leather armour    |    90 |     2 |       |       |       ||    92
       Chain mail        |       |   113 |   195 |   335 |   673 ||  1316
Dodge: Dodged            |   152 |    31 |    62 |   251 |   655 ||  1151
Block: Kite shield       |       |    56 |   173 |   409 |   953 ||  1591
